 Dungeon Crawl Stone Soup version 0.29.1-12-g30fa7ad0bf (webtiles) character file.

Game seed: 16978702812588474207

1015 Madnessol the Covert (level 8, -4/34 (49) HPs)
             Began as a Kobold Chaos Knight on Jan 2, 2023.
             Was a Plaything of Xom.
             Slain by kalagan's ghost (8 damage)
             ... on level 5 of the Dungeon.
             The game lasted 00:17:06 (6449 turns).

Madnessol the Covert (Kobold Chaos Knight)          Turns: 6449, Time: 00:17:06

HP:   -4/34 (49)    AC:  6    Str: 11    XL:     8   Next: 45%
MP:   8/8           EV: 15    Int: 14    God:    Xom [...*..]
Gold: 259           SH:  0    Dex: 14    Spells: 7/7 levels left

rFire   . . .      SeeInvis .   a - +0 short sword (chaos)
rCold   . . .      Faith    .   (no shield)
rNeg    . . .      Spirit   .   b - +2 leather armour
rPois   .          Reflect  .   (no helmet)
rElec   .          Harm     .   (no cloak)
rCorr   +          Rampage  .   j - +0 pair of gloves
Will    .....                   (no boots)
Stlth   +++++.....              (no amulet)
HPRegen 0.11/turn               f - ring of resist corrosion
MPRegen 0.11/turn               (no ring)

@: about to teleport, studying Armour, very heavily drained
A: small, no large weapons, nightstalker 3
a: Renounce Religion


You were on level 5 of the Dungeon.
You worshipped Xom.
You were a favourite toy of Xom.
You visited 1 branch of the dungeon, and saw 5 of its levels.

You collected 259 gold pieces.

Inventory:

Hand Weapons
 a - a +0 short sword of chaos (weapon)
Armour
 b - a +2 leather armour (worn)
 j - a +0 pair of gloves (worn)
Jewellery
 f - a ring of resist corrosion (left hand)
Scrolls
 e - a scroll of identify
 l - a scroll of silence
Miscellaneous
 c - a piece from Xom's chessboard (2/15) (quivered)


   Skills:
 * Level 5.0 Fighting
 * Level 6.1 Short Blades
 - Level 2.2 Armour
 * Level 4.4 Dodging
 * Level 8.8 Stealth
 + Level 2.0 Evocations


You had 7 spell levels left.
You didn't know any spells.
Your spell library contained the following spells:

 Spells                   Type           Power      Damage    Failure   Level
 Sandblast                Erth           0%         2d4       36%         1
 Slow                     Hex            0%         N/A       36%         1
 Passwall                 Tmut/Erth      0%         N/A       50%         2
 Confusing Touch          Hex            0%         N/A       75%         3
 Stone Arrow              Conj/Erth      0%         3d7       75%         3
 Vampiric Draining        Necr           0%         2d6       75%         3


Dungeon Overview and Level Annotations

Branches:
Dungeon (5/15)             Temple (0/1) D:4

Altars:
Elyvilon

Shops:
D:4 :

Annotations:
D:3 Blork the orc
D:5 kalagan's ghost, novice DECj


Innate Abilities, Weirdness & Mutations

You are small and have problems with some larger weapons.
You are completely attuned to the shadows.


Message History

You open the door. You hit kalagan's ghost.
Kalagan's ghost flickers and vanishes!
Deactivating autopickup; reactivate with Ctrl-A.
Xom is highly amused!
Something hits you but does no damage.
You feel drained.
You can't see anything.
Try to make a move anyway? [Y]es or [N]o only, please.
You can't see anything.
Try to make a move anyway?
You make a move on Xom's chessboard...
Nothing appears to happen.
Something hits you!
You feel drained.
You hit something. Something hits you.
You feel drained.
You hit something but do no damage. You miss something. Something hits you.
You feel drained.
You hit something. Something hits you.
You feel drained.
You hit something but do no damage. Something hits you.
You feel drained.
You hit something. You burn something. Something hits you but does no damage.
You feel drained.
You hit something but do no damage. You closely miss something.
You hear some strange, mumbled words.
A magic dart appears from out of thin air!
The magic dart hits you.
You miss something. Something barely misses you.
You hit something but do no damage. Something barely misses you.
You barely miss something. Something hits you.
You feel drained.
You hit something but do no damage. You hit something. Something hits you.
* * * LOW HITPOINT WARNING * * *
You feel drained.
As you read the scroll of teleportation, it crumbles to dust.
You feel strangely unstable. Something hits you.
* * * LOW HITPOINT WARNING * * *
You feel drained.
* * * LOW HITPOINT WARNING * * *
You miss something. Something hits you.
* * * LOW HITPOINT WARNING * * *
You feel drained.
* * * LOW HITPOINT WARNING * * *
You miss something. Something hits you!
You die...

,, *#.#......# #### *
**#.#.#.#### ####### #...
#.....# ##.....## #.##
#.#.### ##.......#####.##
#.,#.# ##...###.....##.## #
*#.# ##...##⌠##.......##
*,*#.# #...##...##...##.##
* #.# #..##..!..##..##... ,
#.#######.@{...♣..⌠#..#####
*
**.##.........D##..?..##..#
# ,, ...............##.
##...##### **
####.########...## **
,...... ,, ....* #....#
,.>.### * * ###.. * #. ,*
#. , * #. * , * #,,* ***, *
, * ** ,,, , * , ** ** *,
*** ,


You could see a friendly storm dragon (summoned).

Vanquished Creatures
  Eustachio (D:4)
  A water moccasin (D:5)
  Duvessa (D:4)
  A black bear (D:4)
  2 scorpions
  2 hounds (D:5)
  An orc priest (D:3)
  2 iguanas (D:4)
  An orc wizard (D:4)
  6 adders
  A white imp (D:3)
  2 dart slugs (D:2)
  5 orcs
  5 ball pythons
  8 endoplasms
  5 goblins
  5 hobgoblins
  3 jackals
  5 kobolds
  5 quokkas
  3 bats
  3 frilled lizards
  A quokka zombie (D:4)
  5 rats
  A rat zombie (D:4)
75 creatures vanquished.

Vanquished Creatures (collateral kills)
  A black bear (D:5)
  Dowan (D:4)
  A howler monkey (D:5)
  A dart slug (D:4)
4 creatures vanquished.

Vanquished Creatures (others)
  4 plants (D:2)
  4 withered plants (D:2)
8 creatures vanquished.

Grand Total: 87 creatures vanquished

Notes
Turn   | Place    | Note
-------+----------+-------------------------------------------
     0 | D:1      | Madnessol the Kobold Chaos Knight began the quest for the
                  | Orb.
     0 | D:1      | Reached XP level 1. HP: 14/14 MP: 1/1
   606 | D:1      | Reached XP level 2. HP: 16/19 MP: 2/2
   696 | D:1      | XOM: scenery: 1 doors open, 1 doors close
   966 | D:2      | XOM: smoke on damage
   967 | D:2      | Reached skill level 1 in Stealth
  1100 | D:2      | Found a faded altar of an unknown god.
  1128 | D:2      | Reached XP level 3. HP: 24/24 MP: 3/3
  1192 | D:2      | Reached skill level 2 in Stealth
  1352 | D:2      | Reached skill level 1 in Armour
  1420 | D:2      | Reached skill level 1 in Evocations
  1420 | D:2      | Reached XP level 4. HP: 29/29 MP: 4/4
  2232 | D:3      | Reached skill level 3 in Stealth
  2274 | D:3      | XOM: confuse monster(s)
  2286 | D:3      | Reached XP level 5. HP: 15/33 MP: 5/5
  3059 | D:4      | XOM: confuse monster(s)
  3060 | D:4      | Noticed Blork the orc
  3066 | D:4      | XOM: butterfly on damage
  3072 | D:3      | HP: 1/33 [Blork the orc/+0 battleaxe (12)]
  3074 | D:3      | XOM: polymorph ufetubus -> white imp
  3075 | D:3      | Noticed Blork
  3075 | D:3      | Blork the orc changed into Blork the scorpion
  3075 | D:3      | XOM: polymorph Blork the orc -> Blork the scorpion
  4141 | D:4      | Reached skill level 5 in Short Blades
  4360 | D:4      | XOM: confusion
  4594 | D:4      | XOM: summons 2 hostile demons
  4698 | D:3      | XOM: stat loss: -1 Str (10/11)
  5051 | D:3      | XOM: scenery: summon butterflies
  5139 | D:4      | Found a staircase to the Ecumenical Temple.
  5259 | D:4      | Found a white marble altar of Elyvilon.
  5382 | D:3      | Reached XP level 6. HP: 27/38 MP: 6/6
  5482 | D:3      | Reached skill level 4 in Stealth
  5507 | D:4      | Noticed a black bear
  5516 | D:4      | XOM: blink monster(s)
  5519 | D:4      | Killed a black bear
  5552 | D:4      | Noticed Eustachio
  5560 | D:4      | Killed Eustachio
  5561 | D:4      | Reached skill level 5 in Stealth
  5561 | D:4      | Reached XP level 7. HP: 43/43 MP: 7/7
  5674 | D:4      | Noticed Duvessa
  5678 | D:4      | Noticed Dowan
  5683 | D:4      | XOM: summons friendly crimson imp
  5689 | D:4      | XOM: enchant monster (good)
  5697 | D:4      | XOM: noise
  5699 | D:4      | Killed Duvessa
  5700 | D:4      | Reached skill level 6 in Stealth
  5725 | D:4      | XOM: summons 7 friendly demons
  5735 | D:4      | Killed Dowan
  5736 | D:4      | Reached skill level 7 in Stealth
  5953 | D:4      | Found Tiutustri's Book Boutique.
  6040 | D:4      | Identified the +1 leather armour of Stoicism {Int+4}
  6206 | D:5      | Entered Level 5 of the Dungeon
  6237 | D:5      | Noticed kalagan's ghost (novice DECj)
  6243 | D:5      | Found a runed translucent door.
  6247 | D:5      | Noticed a water moccasin
  6251 | D:5      | Killed a water moccasin
  6252 | D:5      | Reached XP level 8. HP: 48/48 MP: 8/8
  6267 | D:5      | XOM: 7-stop teleportation journey
  6292 | D:5      | XOM: divination: magic mapping
  6301 | D:5      | Reached skill level 8 in Stealth
  6375 | D:5      | XOM: cast spell 'Summon Dragon'
  6380 | D:5      | Reached skill level 5 in Fighting
  6449 | D:5      | Slain by kalagan's ghost

Illustrated notes

Levels and vault maps discovered:
D:1:      lightli_arrival_statue_moat, layout_basic
D:2:      layout_rooms, shapermc_ecumenical_altar_flowoftime,
          kennysheep_generic_room_10
D:3:      layout_loops_ring
D:4:      layout_cave_pools, elyvilon_altar_1, temple_green, serial_shops,
          kennysheep_little_box, enter_ossuary_4, minmay_manual_moon,
          uniq_blork_the_orc, uniq_duvessa, uniq_eustachio
D:5:      layout_loops_ring, yredelemnul_forgotten_temple_becter,
          hellmonk_ghost_happy_afterlife

Skill      XL: |  1  2  3  4  5  6  7  8 |
---------------+-------------------------+-----
Stealth        | 1 2 3 5 7 8 |  8.8
Armour         | 1 2 |  2.2
Evocations     | 1 2 |  2.0
Fighting       | 4 5 |  5.0
Short Blades   | 5 6 |  6.1
Dodging        | 3 4 |  4.4

Action                   |  1- 3 |  4- 6 |  7- 9 || total
-------------------------+-------+-------+-------++-------
Melee: Short sword       |    57 |   190 |    93 ||   340
       Punch             |     1 |     2 |     1 ||     4
Evoke: Piece from Xom's  |    15 |     8 |     5 ||    28
  Use: Potion            |       |     9 |     5 ||    14
       Scroll            |       |     4 |     3 ||     7
 Stab: Sleeping          |     9 |     6 |     5 ||    20
       Paralysed         |     2 |     1 |       ||     3
       Petrified         |       |     5 |       ||     5
       Confused          |       |     1 |     2 ||     3
       Distracted        |       |     1 |     1 ||     2
       Petrifying        |       |     4 |       ||     4
Armor: Leather armour    |     6 |    51 |    20 ||    77
Dodge: Dodged            |    26 |   118 |    53 ||   197
